[Event "Titled Tuesday Blitz June 20 Late 2023"]
[White "Stachanczyk, Jacek"]
[Black "Seemann, Jakub"]
[WhiteFideId "1116657"]
[BlackFideId "21874697"]
[WhiteElo "2084"]
[BlackElo "2364"]
[Result "0-1"]
[Round "4"]
[TimeControl "180+2"]
[Date "2023.06.20"]
[WhiteClock "0:00:41"]
[BlackClock "0:01:14"]
[Board "78"]

1. e4 e6 2. d4 d5 3. Nc3 dxe4 4. Nxe4 Nd7 5. Nf3 Ngf6 6. Nxf6+ Nxf6 7. c3 c5 8. Bb5+ Bd7 9. Qa4 a6 10. Bxd7+ Qxd7 11. Qxd7+ Nxd7 12. Be3 cxd4 13. Bxd4 Bc5 14. O-O-O Bxd4 15. Rxd4 Ke7 16. Rhd1 Rhd8 17. Kc2 f6 18. b4 Rac8 19. Kb3 b5 20. R4d3 Nb6 21. Rxd8 Rxd8 22. Rxd8 Kxd8 23. Nd2 Kd7 24. c4 Kc6 25. c5 Nd5 26. g3 g5 27. Ne4 h5 28. Nc3 Ne7 29. Ne4 Nd5 30. Nc3 Nc7 31. Ne4 Ne8 32. Kc3 g4 33. Kd4 e5+ 34. Ke3 f5 35. Nd2 Nc7 36. a3 a5 37. bxa5 Kxc5 38. Kd3 Na6 39. Nb3+ Kd5 40. Kc3 f4 41. Nc1 f3 42. Nd3 e4 43. Nb4+ Nxb4 44. axb4 e3 45. Kd3 exf2 0-1


[Site "https://www.chess.com"]

[Event "Titled Tuesday Blitz June 20 Late 2023"]
[White "Mortazavi, Ali"]
[Black "Tobares, Leandro"]
[WhiteFideId "401323"]
[BlackFideId "106402"]
[WhiteElo "2339"]
[BlackElo "2292"]
[Result "0-1"]
[Round "4"]
[TimeControl "180+2"]
[Date "2023.06.20"]
[WhiteClock "0:00:27"]
[BlackClock "0:00:22"]
[Board "79"]

1. Nf3 Nf6 2. g3 d6 3. Bg2 e5 4. d3 Be7 5. O-O O-O 6. e4 Bg4 7. h3 Be6 8. Nc3 h6 9. d4 Qd7 10. Kh2 exd4 11. Nxd4 Nc6 12. Nxe6 fxe6 13. f4 Rad8 14. Be3 d5 15. e5 d4 16. Bxc6 bxc6 17. exf6 Bxf6 18. Bxd4 Qxd4 19. Qf3 Qb4 20. Qxc6 Rd2+ 21. Kh1 Rxc2 22. Qxe6+ Kh8 23. Qb3 Rxb2 24. Qxb4 Rxb4 25. Rac1 Rd8 26. Rc2 Rc4 27. Rfc1 Rd3 28. Ne2 Re4 29. Kg2 c5 30. Kf2 Bd4+ 31. Nxd4 cxd4 32. Rg1 Ree3 33. Rg2 Rf3+ 34. Kg1 Rd1+ 35. Kh2 Rff1 36. g4 Rh1+ 37. Kg3 Rd3+ 38. Kf2 Rhxh3 39. Rd2 Rxd2+ 0-1


[Site "https://www.chess.com"]

[Event "Titled Tuesday Blitz June 20 Late 2023"]
[White "Della Corte, Alessandro"]
[Black "Jaskolka, Tomasz"]
[WhiteFideId "813540"]
[BlackFideId "1170791"]
[WhiteElo "2205"]
[BlackElo "2155"]
[Result "0-1"]
[Round "4"]
[TimeControl "180+2"]
[Date "2023.06.20"]
[WhiteClock "0:01:32"]
[BlackClock "0:00:52"]
[Board "80"]

1. d4 d5 2. Nf3 Nc6 3. c4 e5 4. cxd5 Qxd5 5. dxe5 Qxd1+ 6. Kxd1 Bg4 7. Nc3 O-O-O+ 8. Kc2 Bb4 9. e4 Nge7 10. Bc4 Bxf3 11. gxf3 Nxe5 12. Be2 N7c6 13. Be3 Nd4+ 14. Bxd4 Rxd4 15. Rad1 Rhd8 16. Rxd4 Rxd4 17. Rd1 Bxc3 18. Kxc3 Rxd1 19. Bxd1 Kd7 20. Kd4 Kd6 21. f4 c5+ 22. Kc3 Ng6 23. e5+ Ke7 24. Kc4 Nxf4 25. Kxc5 Nd3+ 26. Kd4 Nxf2 27. Bf3 b6 28. Kd5 Nd3 29. b3 Nb4+ 30. Kc4 Nxa2 31. Kb5 Nc1 32. b4 Nd3 0-1


[Site "https://www.chess.com"]

[Event "Titled Tuesday Blitz June 20 Late 2023"]
[White "Rodrigues, Bruno Morado"]
[Black "ATM622"]
[WhiteFideId "2115654"]
[WhiteElo "2040"]
[BlackElo "2636"]
[Result "0-1"]
[Round "4"]
[TimeControl "180+2"]
[Date "2023.06.20"]
[WhiteClock "0:00:20"]
[BlackClock "0:00:23"]
[Board "81"]

1. d4 Nf6 2. Nc3 d5 3. Bg5 e6 4. e4 dxe4 5. Nxe4 Be7 6. Bxf6 Bxf6 7. Ne2 O-O 8. g3 e5 9. d5 Bf5 10. Bg2 c6 11. O-O cxd5 12. Qxd5 Nc6 13. Rad1 Qe7 14. Rfe1 Rfd8 15. Qb3 Rxd1 16. Rxd1 Rd8 17. c3 h6 18. Rxd8+ Nxd8 19. Qa4 g6 20. Qxa7 Kg7 21. Qc5 Qd7 22. Qd6 Qe7 23. Qxf6+ Qxf6 24. Nxf6 Kxf6 25. c4 Bd3 26. Nc3 Bxc4 27. b3 Be6 28. Ne4+ Ke7 29. Nc5 Bc8 30. a4 b6 31. Nd3 Kd6 32. Kf1 f5 33. Ke2 Ne6 34. Kd2 Nd4 35. Kc3 Be6 36. b4 Ne2+ 37. Kd2 Nd4 38. a5 bxa5 39. bxa5 Nb3+ 40. Ke3 Nxa5 41. h4 Nc4+ 42. Ke2 Nb6 43. Nb4 Bc4+ 44. Ke3 Nd5+ 45. Nxd5 Bxd5 46. Bf1 g5 47. hxg5 hxg5 48. Be2 Kc5 49. Bh5 Kc4 50. f3 Kc3 51. Bg6 f4+ 52. gxf4 exf4+ 53. Ke2 Kd4 54. Bf5 Ke5 55. Bd3 Be6 56. Kf2 Bf5 57. Bxf5 Kxf5 58. Ke2 Ke5 59. Kd3 Kd5 60. Kc3 Ke5 61. Kd3 Kf5 62. Kd4 Kg6 63. Ke4 Kh5 64. Kf5 Kh4 65. Ke4 Kg3 66. Kf5 Kxf3 67. Kxg5 Kg3 68. Kf5 f3 69. Ke4 f2 70. Ke3 f1=Q 0-1


[Site "https://www.chess.com"]

[Event "Titled Tuesday Blitz June 20 Late 2023"]
[White "Harshal, Shahi"]
[Black "Lewtak, Damian"]
[WhiteFideId "5048257"]
[BlackFideId "1141724"]
[WhiteElo "2054"]
[BlackElo "2302"]
[Result "0-1"]
[Round "4"]
[TimeControl "180+2"]
[Date "2023.06.20"]
[WhiteClock "0:00:04"]
[BlackClock "0:00:09"]
[Board "82"]

1. e4 c5 2. Nf3 d6 3. b3 Nf6 4. Nc3 g6 5. Bb2 Bg7 6. Nd5 Nbd7 7. Nxf6+ Nxf6 8. Bb5+ Bd7 9. Bxd7+ Qxd7 10. e5 Ng4 11. Qe2 O-O 12. O-O-O a5 13. d4 cxd4 14. Rxd4 Nxe5 15. Nxe5 Qe6 16. Re4 dxe5 17. Bxe5 Bxe5 18. Rxe5 Qd6 19. h4 a4 20. h5 axb3 21. cxb3 Rxa2 22. Qxa2 Qxe5 23. hxg6 fxg6 24. f3 Rc8+ 25. Kb1 Qf5+ 26. Ka1 Rc6 27. b4+ Kg7 28. Qb2+ e5 29. Qe2 Ra6+ 30. Kb2 e4 31. fxe4 Qe5+ 32. Kb3 Qe6+ 33. Kc3 Ra3+ 34. Kd4 Qd6+ 35. Kc4 b5+ 36. Kxb5 Qa6+ 37. Kc5 Qxe2 38. Kb6 Qxe4 39. Rc1 Qxb4+ 40. Kc7 Rc3+ 41. Rxc3 Qxc3+ 0-1


[Site "https://www.chess.com"]

[Event "Titled Tuesday Blitz June 20 Late 2023"]
[White "Koellner, Ruben Gideon"]
[Black "Sanchez, Robert"]
[WhiteFideId "12993093"]
[BlackFideId "2034360"]
[WhiteElo "2314"]
[BlackElo "2081"]
[Result "1-0"]
[Round "4"]
[TimeControl "180+2"]
[Date "2023.06.20"]
[WhiteClock "0:00:37"]
[BlackClock "0:00:05"]
[Board "83"]

1. d4 Nf6 2. Nf3 g6 3. Nbd2 d5 4. e3 Bg7 5. b4 O-O 6. c4 c6 7. Bb2 Bf5 8. a4 h6 9. Be2 Re8 10. O-O g5 11. cxd5 cxd5 12. b5 Nbd7 13. Qb3 Rc8 14. Rfc1 e6 15. a5 Rxc1+ 16. Rxc1 Qxa5 17. Ra1 Qb6 18. Bc3 Rc8 19. Ba5 Qd6 20. Bb4 Qb8 21. Qa3 Kh7 22. h3 Ne4 23. Nxe4 Bxe4 24. Bd6 Qa8 25. Qxa7 Rc1+ 26. Rxc1 Qxa7 27. Rc7 Nf6 28. Rxf7 Kg8 29. Rc7 Qa2 30. Bf1 Qb1 31. Be5 Bxf3 32. gxf3 Ne8 33. Rxb7 Bxe5 34. dxe5 Qf5 35. b6 Qxe5 36. Rd7 Nd6 37. b7 Nxb7 38. Rxb7 h5 39. Kg2 d4 40. exd4 Qxd4 41. Re7 g4 42. hxg4 hxg4 43. Rxe6 gxf3+ 44. Kxf3 Kf7 45. Re4 Qc3+ 46. Kg2 Qe1 47. Rxe1 1-0


[Site "https://www.chess.com"]

[Event "Titled Tuesday Blitz June 20 Late 2023"]
[White "Makhnev, Denis"]
[Black "Tissir, Mohamed"]
[WhiteFideId "13707647"]
[BlackFideId "9000240"]
[WhiteElo "2515"]
[BlackElo "2458"]
[Result "1-0"]
[Round "4"]
[TimeControl "180+2"]
[Date "2023.06.20"]
[WhiteClock "0:01:58"]
[BlackClock "0:00:40"]
[Board "84"]

1. Nf3 Nf6 2. e3 g6 3. b4 Bg7 4. Bb2 O-O 5. Be2 a5 6. b5 b6 7. d4 Bb7 8. c4 d5 9. Nbd2 dxc4 10. Nxc4 Nbd7 11. O-O Ne4 12. Rc1 Rc8 13. Bd3 c5 14. bxc6 Bxc6 15. Qe2 Bd5 16. a4 Rc7 17. Na3 Rxc1 18. Rxc1 Qb8 19. Ba6 Nd6 20. Nb5 Nxb5 21. Qxb5 Rd8 22. Ba3 Bxf3 23. gxf3 e5 24. Be7 1-0


[Site "https://www.chess.com"]

[Event "Titled Tuesday Blitz June 20 Late 2023"]
[White "Svane, Rasmus"]
[Black "Bruedigam, Martin"]
[WhiteFideId "4657101"]
[BlackFideId "24608033"]
[WhiteElo "2601"]
[BlackElo "2331"]
[Result "1-0"]
[Round "4"]
[TimeControl "180+2"]
[Date "2023.06.20"]
[WhiteClock "0:01:35"]
[BlackClock "0:00:04"]
[Board "85"]

1. Nf3 d5 2. g3 Bg4 3. Bg2 Nd7 4. O-O c6 5. h3 Bxf3 6. Bxf3 e6 7. d3 Bd6 8. e4 Ne7 9. a4 O-O 10. Nd2 f5 11. Qe2 Qc7 12. Nb3 Rae8 13. Bd2 f4 14. Bg4 Ng6 15. Nd4 Rf6 16. exd5 cxd5 17. Rae1 e5 18. Nb5 Qc6 19. Nxa7 f3 20. Nxc6 fxe2 21. Rxe2 bxc6 22. Bxd7 1-0


[Site "https://www.chess.com"]

[Event "Titled Tuesday Blitz June 20 Late 2023"]
[White "ElDivis"]
[Black "Sjugirov, Sanan"]
[BlackFideId "4189302"]
[WhiteElo "2533"]
[BlackElo "2569"]
[Result "0-1"]
[Round "4"]
[TimeControl "180+2"]
[Date "2023.06.20"]
[WhiteClock "0:00:08"]
[BlackClock "0:00:54"]
[Board "86"]

1. e4 g6 2. d4 Bg7 3. Nc3 d6 4. h4 h6 5. h5 g5 6. f4 gxf4 7. Bxf4 Nc6 8. Nf3 Bg4 9. Be3 e5 10. Bb5 exd4 11. Bxd4 Bxd4 12. Qxd4 Qf6 13. Bxc6+ bxc6 14. Qa4 Ne7 15. O-O-O Bxf3 16. gxf3 Qxf3 17. e5 dxe5 18. Ne4 f5 19. Nf6+ Kf7 20. Nd7 Qf4+ 21. Qxf4 exf4 22. Rhf1 Rad8 23. Ne5+ Kf6 24. Nd7+ Kf7 25. Ne5+ Ke6 26. Nd3 Nd5 27. Rde1+ Kf6 28. Nc5 Rhe8 29. Nd7+ Kf7 30. Ne5+ Kf8 31. Nxc6 Rxe1+ 32. Rxe1 Rd6 33. Ne5 Kg7 34. c4 Ne3 35. b3 Kf6 36. Ng6 Rd4 37. Nxf4 Rxf4 38. Rxe3 Rh4 39. Rd3 Ke6 40. Re3+ Kd6 41. Rd3+ Kc6 42. Rd5 Rxh5 43. Kd2 Rg5 44. b4 h5 45. Ke2 h4 46. b5+ Kb6 47. a4 h3 48. c5+ Ka5 49. Kf3 Rh5 50. Rd1 h2 51. Rh1 Kxa4 52. Kf4 Kxb5 0-1


[Site "https://www.chess.com"]

[Event "Titled Tuesday Blitz June 20 Late 2023"]
[White "Golubev, Mikhail"]
[Black "Harsh Suresh"]
[WhiteFideId "14100983"]
[BlackFideId "45018464"]
[WhiteElo "2374"]
[BlackElo "2209"]
[Result "0-1"]
[Round "4"]
[TimeControl "180+2"]
[Date "2023.06.20"]
[WhiteClock "0:00:00"]
[BlackClock "0:00:13"]
[Board "87"]

1. e4 Nf6 2. Nc3 d5 3. e5 Nfd7 4. f4 e6 5. d4 c5 6. Nf3 Nc6 7. Be3 cxd4 8. Nxd4 Qb6 9. Qd2 Qxb2 10. Rb1 Qa3 11. Bb5 Nxd4 12. Bxd4 Qa5 13. O-O Be7 14. Bxd7+ Bxd7 15. Rxb7 Bc6 16. Rxe7+ Kxe7 17. f5 h6 18. fxe6 fxe6 19. Qf2 Be8 20. Qg3 Rg8 21. Rb1 Rc8 22. Rb7+ Rc7 23. Rb8 Bf7 24. Rxg8 Bxg8 25. Qxg7+ Bf7 26. Qf6+ Ke8 27. Qh8+ Kd7 28. Qf8 Be8 29. Qd6+ Kc8 30. Qxe6+ Bd7 31. Qg8+ Kb7 32. e6 Qb4 33. exd7 Qxd4+ 34. Kh1 Rxd7 35. Ne2 Qd1+ 36. Ng1 Qxc2 37. Qe6 Qc6 38. Qe3 d4 39. Qb3+ Qb6 40. Qg3 d3 41. Qf3+ Qc6 0-1


[Site "https://www.chess.com"]

[Event "Titled Tuesday Blitz June 20 Late 2023"]
[White "Yuan, Qingyu"]
[Black "Zaitsev, Alexander"]
[WhiteFideId "8609772"]
[BlackFideId "4164490"]
[WhiteElo "2359"]
[BlackElo "2373"]
[Result "1-0"]
[Round "4"]
[TimeControl "180+2"]
[Date "2023.06.20"]
[WhiteClock "0:00:17"]
[BlackClock "0:00:00"]
[Board "88"]

1. e4 c5 2. Nf3 g6 3. c3 Bg7 4. d4 cxd4 5. cxd4 d5 6. e5 a6 7. h3 Nc6 8. Nc3 f6 9. Bf4 Nh6 10. Qd2 Nf7 11. exf6 exf6 12. Be2 O-O 13. O-O Kh8 14. Rfe1 Nd6 15. Nxd5 Ne4 16. Qc2 Qxd5 17. Bc4 Nxd4 18. Nxd4 Qxd4 19. Rxe4 Qc5 20. Be3 Qc6 21. Rh4 Bf5 22. Qb3 Rfd8 23. Rd1 Rxd1+ 24. Qxd1 Rc8 25. Rd4 Re8 26. Bd5 Qb5 27. Qd2 Bc8 28. Bf7 Rf8 29. Rd8 Qc6 30. Bf4 1-0


[Site "https://www.chess.com"]

[Event "Titled Tuesday Blitz June 20 Late 2023"]
[White "Ortega Amarelle, Mariano"]
[Black "Fernandez Guillen, Ernesto J."]
[WhiteFideId "3504301"]
[BlackFideId "3512428"]
[WhiteElo "2392"]
[BlackElo "2434"]
[Result "1-0"]
[Round "4"]
[TimeControl "180+2"]
[Date "2023.06.20"]
[WhiteClock "0:00:08"]
[BlackClock "0:00:00"]
[Board "89"]

1. b3 Nf6 2. Bb2 g6 3. c4 Bg7 4. g3 O-O 5. Bg2 c6 6. Nf3 d5 7. O-O Nbd7 8. d4 b6 9. Nbd2 Bb7 10. e3 Rc8 11. Qe2 c5 12. Rfd1 Qc7 13. Rac1 Qb8 14. cxd5 Nxd5 15. Nc4 Rfd8 16. dxc5 Nxc5 17. Bxg7 Kxg7 18. Nd4 Nf6 19. b4 Bxg2 20. Kxg2 Nce4 21. b5 Qb7 22. Nc6 Rxd1 23. Qxd1 a6 24. a4 axb5 25. axb5 h5 26. Qd4 Nc5 27. Rc2 Rc7 28. f3 Rd7 29. Qe5 Nd3 30. Qc3 h4 31. e4 h3+ 32. Kxh3 Kg8 33. N4e5 Nxe5 34. Qxe5 Ne8 35. Qb8 Qxb8 36. Nxb8 Rc7 37. Nc6 Kf8 38. e5 Rd7 39. f4 Nc7 40. Rb2 Rd5 41. Kg4 Rxb5 42. Ra2 Rc5 43. Nb4 1-0


[Site "https://www.chess.com"]

[Event "Titled Tuesday Blitz June 20 Late 2023"]
[White "Can, Isik"]
[Black "Novikov, Evgenij"]
[WhiteFideId "6383742"]
[BlackFideId "4125380"]
[WhiteElo "2374"]
[BlackElo "2242"]
[Result "1-0"]
[Round "4"]
[TimeControl "180+2"]
[Date "2023.06.20"]
[WhiteClock "0:00:30"]
[BlackClock "0:00:07"]
[Board "90"]

1. e4 c5 2. Nf3 d6 3. d4 cxd4 4. Nxd4 Nf6 5. Nc3 g6 6. f3 Bg7 7. Be3 O-O 8. Qd2 Nc6 9. O-O-O Bd7 10. Bc4 Rc8 11. Bb3 Ne5 12. g4 Nc4 13. Bxc4 Rxc4 14. h4 h5 15. gxh5 Nxh5 16. Nde2 Qa5 17. Kb1 Rfc8 18. Nd5 Qxd2 19. Rxd2 Kf8 20. Bxa7 Ra4 21. Be3 Ra6 22. Nb6 Rc7 23. Nxd7+ Rxd7 24. c3 b5 25. a3 Bf6 26. Rd5 Rb7 27. Bg5 Bxg5 28. hxg5 Ke8 29. Rhd1 Rc6 30. e5 Rbb6 31. exd6 Rxd6 32. Rxd6 exd6 33. Nd4 Kd7 34. Kc2 Rb8 35. Re1 Nf4 36. Re4 Ne6 37. f4 Nc5 38. Re2 Rh8 39. Nxb5 Rh4 40. Rd2 Ne4 41. Rd4 Rxf4 42. b4 Kc6 43. a4 Rf2+ 44. Kc1 d5 45. c4 Rf1+ 46. Kc2 Rf2+ 47. Kd1 Rf5 48. Rxe4 dxe4 49. Nd4+ Kb6 50. Nxf5 gxf5 51. a5+ Ka6 52. Ke2 f4 53. Kf2 e3+ 54. Kf3 Kb7 55. b5 Kc7 56. c5 Kb7 57. a6+ Ka7 58. Ke2 f3+ 59. Kxf3 e2 60. Kxe2 Kb8 61. b6 Ka8 62. c6 Kb8 63. Ke3 1-0


[Site "https://www.chess.com"]

[Event "Titled Tuesday Blitz June 20 Late 2023"]
[White "Fodor, Tamas Jr."]
[Black "Uzcategui Rodriguez, Alejandro"]
[WhiteFideId "723762"]
[BlackFideId "3903400"]
[WhiteElo "2504"]
[BlackElo "2252"]
[Result "1-0"]
[Round "4"]
[TimeControl "180+2"]
[Date "2023.06.20"]
[WhiteClock "0:00:25"]
[BlackClock "0:00:00"]
[Board "91"]

1. d4 d6 2. e4 Nf6 3. Nc3 e5 4. Nf3 Nbd7 5. g4 Nxg4 6. Rg1 Ngf6 7. Bc4 h6 8. Be3 c6 9. Qd2 b5 10. Bd3 Qa5 11. d5 cxd5 12. exd5 b4 13. Ne4 Nxe4 14. Bxe4 Nf6 15. Bd3 e4 16. Nd4 exd3 17. Qxd3 Qxd5 18. Rd1 g6 19. Qe2 Qe4 20. Nb5 Rb8 21. Rd4 Qc6 22. Nxa7 Qb7 23. Bg5+ Be6 24. Bxf6 Rg8 25. Re4 Qxa7 26. Rxe6+ fxe6 27. Qxe6+ Be7 28. Qxg8+ Kd7 29. Qxg6 Bxf6 30. Qxf6 Re8+ 31. Kd1 Qxa2 32. Rg7+ Kc6 33. Qf3+ d5 34. Qf6+ 1-0


[Site "https://www.chess.com"]

[Event "Titled Tuesday Blitz June 20 Late 2023"]
[White "Goryachkina, Aleksandra"]
[Black "Liu, Casper"]
[WhiteFideId "4147103"]
[BlackFideId "1454153"]
[WhiteElo "2471"]
[BlackElo "2221"]
[Result "1-0"]
[Round "4"]
[TimeControl "180+2"]
[Date "2023.06.20"]
[WhiteClock "0:01:17"]
[BlackClock "0:01:34"]
[Board "92"]

1. e4 c5 2. Nf3 d6 3. d4 Nf6 4. Nc3 cxd4 5. Nxd4 Nc6 6. f3 e5 7. Nb3 Be6 8. Be3 d5 9. exd5 Nxd5 10. Nxd5 Qxd5 11. Qxd5 Bxd5 12. Bb5 Be7 13. O-O-O Bxb3 14. axb3 O-O 15. Rd7 Bf6 16. Rxb7 Nb4 17. Bc4 Rfb8 18. Rxf7 Kh8 19. Rd1 a5 20. c3 Nc6 21. Rc7 Ne7 22. Rdd7 Nf5 23. Bd2 a4 24. b4 a3 25. bxa3 Rxa3 26. Ra7 Rxa7 27. Rxa7 Nd6 28. Bd3 Rc8 29. Kc2 Kg8 30. Rd7 Rc6 31. b5 Rb6 32. Be3 1-0


[Site "https://www.chess.com"]

[Event "Titled Tuesday Blitz June 20 Late 2023"]
[White "DopplerCharlotteDeWitte"]
[Black "Bilan, Danila"]
[BlackFideId "24161918"]
[WhiteElo "2655"]
[BlackElo "2146"]
[Result "1/2-1/2"]
[Round "4"]
[TimeControl "180+2"]
[Date "2023.06.20"]
[WhiteClock "0:00:07"]
[BlackClock "0:00:04"]
[Board "93"]

1. e4 c6 2. d4 d5 3. exd5 cxd5 4. Bd3 Nc6 5. c3 Qc7 6. Ne2 Bg4 7. O-O Nf6 8. Qe1 Bh5 9. Bf4 Qb6 10. Na3 a6 11. Rb1 e6 12. Nc2 Bg6 13. Nc1 Be7 14. Bxg6 hxg6 15. Nd3 Ne4 16. Qe2 Bd6 17. Ne3 Qc7 18. Bxd6 Qxd6 19. h3 O-O 20. g3 b5 21. a3 a5 22. Kg2 b4 23. axb4 axb4 24. Nxb4 Nxb4 25. cxb4 Qxb4 26. Rfd1 Ra2 27. h4 Rb8 28. h5 gxh5 29. Qxh5 Rxb2 30. Rxb2 Qxb2 31. Ng4 f5 32. Nh6+ gxh6 33. Qg6+ Kf8 34. Qxh6+ Ke7 35. Qg7+ Kd6 36. Qe5+ Kd7 37. Qg7+ Kc6 38. Rf1 Rb3 39. Qh6 Rxg3+ 40. Kh2 Rg5 41. Qxe6+ Kc7 42. Qe7+ Kc6 43. Qe8+ Kc7 44. Qe7+ Kc6 45. Qe8+ Kd6 46. Qd8+ Kc6 47. Qe8+ 1/2-1/2


[Site "https://www.chess.com"]

[Event "Titled Tuesday Blitz June 20 Late 2023"]
[White "Namitbir Singh Walia"]
[Black "Tomiello, Lucas Costamilan"]
[WhiteFideId "35071068"]
[BlackFideId "22701940"]
[WhiteElo "2239"]
[BlackElo "2116"]
[Result "1-0"]
[Round "4"]
[TimeControl "180+2"]
[Date "2023.06.20"]
[WhiteClock "0:00:25"]
[BlackClock "0:00:03"]
[Board "94"]

1. e4 c5 2. Nf3 Nc6 3. d4 cxd4 4. Nxd4 Nf6 5. Nc3 e5 6. Ndb5 d6 7. Bg5 a6 8. Na3 b5 9. Nd5 Be7 10. Bxf6 Bxf6 11. c3 Bg5 12. Nc2 Rb8 13. a4 bxa4 14. Ncb4 Nxb4 15. Nxb4 Bd7 16. Qxd6 Be7 17. Qxe5 O-O 18. Bxa6 Re8 19. Qd4 Bxb4 20. cxb4 Rb6 21. Bc4 Qe7 22. Qxb6 Qxe4+ 23. Kf1 Qxc4+ 24. Kg1 Qe2 25. h3 Qxb2 26. Kh2 Qe5+ 27. g3 Qh5 28. Rhe1 Qxh3+ 29. Kg1 Rf8 30. Qd6 h5 31. Rad1 Be6 32. b5 Bg4 33. Qxf8+ Kh7 34. Rd3 h4 35. Qd6 Be6 36. Qf4 hxg3 37. Rxg3 Qh5 38. Qf3 Qxb5 39. Qd3+ Qxd3 40. Rxd3 Bb3 41. Rxb3 axb3 42. Rb1 Kg6 43. Rxb3 Kf5 44. Rb5+ Kg6 45. Kg2 f6 46. Kg3 Kf7 47. f4 g6 48. Kg4 Ke6 49. Rb6+ Kf7 50. Ra6 Kg7 51. f5 1-0


[Site "https://www.chess.com"]

[Event "Titled Tuesday Blitz June 20 Late 2023"]
[White "Szyszylo, Rafal"]
[Black "Kavyev, Ruslan"]
[WhiteFideId "1109626"]
[BlackFideId "34110981"]
[WhiteElo "1951"]
[BlackElo "2336"]
[Result "0-1"]
[Round "4"]
[TimeControl "180+2"]
[Date "2023.06.20"]
[WhiteClock "0:00:35"]
[BlackClock "0:02:13"]
[Board "95"]

1. e4 d5 2. exd5 Nf6 3. d4 Bg4 4. Nf3 Qxd5 5. Nc3 Bxf3 6. Nxd5 Bxd1 7. Nxf6+ exf6 8. Kxd1 Nc6 9. c3 O-O-O 10. Bf4 Bd6 11. Bxd6 Rxd6 12. Kc2 Re8 13. Bd3 Rde6 14. Kd2 g6 15. Rae1 Kd7 16. Re3 f5 17. Rxe6 Rxe6 18. Re1 Ne7 19. Rxe6 fxe6 20. Bc4 Kd6 21. f4 Nd5 22. g3 c5 23. dxc5+ Kxc5 24. Bb3 Kd6 25. Kd3 e5 26. fxe5+ Kxe5 27. c4 Nf6 28. c5 Ng4 29. Bg8 h6 30. h4 Nf2+ 31. Kc4 Ne4 32. Bd5 Nd2+ 33. Kd3 Kxd5 34. Kxd2 Kxc5 35. Ke3 g5 36. h5 Kc4 37. b3+ Kc3 38. b4 Kxb4 39. Kd4 Ka3 40. Ke5 f4 41. gxf4 gxf4 42. Kxf4 Kxa2 43. Kf5 b5 44. Kg6 b4 45. Kxh6 b3 46. Kg7 b2 47. h6 b1=Q 48. h7 Qxh7+ 49. Kxh7 a5 50. Kg6 a4 51. Kf5 a3 52. Ke4 Kb2 53. Kd3 a2 0-1


[Site "https://www.chess.com"]

[Event "Titled Tuesday Blitz June 20 Late 2023"]
[White "Bernabeu Lopez, Carlos Javier"]
[Black "Yeritsyan, Hayk"]
[WhiteFideId "2235366"]
[BlackFideId "13307320"]
[WhiteElo "2344"]
[BlackElo "2460"]
[Result "1-0"]
[Round "4"]
[TimeControl "180+2"]
[Date "2023.06.20"]
[WhiteClock "0:00:52"]
[BlackClock "0:00:03"]
[Board "96"]

1. c4 c6 2. d4 d5 3. Nf3 Nf6 4. e3 e6 5. Nbd2 Bd6 6. Bd3 Nbd7 7. O-O Qe7 8. e4 dxc4 9. Nxc4 e5 10. Nxd6+ Qxd6 11. Bc2 Qe7 12. Nxe5 Nxe5 13. dxe5 Qxe5 14. f4 Qc5+ 15. Kh1 Ng4 16. Qe2 Be6 17. Bb3 Qh5 18. h3 Bxb3 19. axb3 Nf6 20. Qxh5 Nxh5 21. Re1 a6 22. g4 Nf6 23. g5 Nd7 24. Be3 O-O-O 25. Kg2 Rhe8 26. Kf3 g6 27. Rad1 Nf8 28. f5 Nd7 29. Bd4 Ne5+ 30. Bxe5 Rxe5 31. Rxd8+ Kxd8 32. Kf4 Rb5 33. Re3 Ke7 34. h4 Rb6 35. h5 Rb5 36. hxg6 hxg6 37. f6+ Ke6 38. Rd3 Rb4 39. Rd8 Rxb3 40. Re8+ Kd6 41. Re7 Rxb2 42. Rxf7 a5 43. Rf8 a4 44. Ra8 b5 45. e5+ Ke6 46. Re8+ Kf7 47. Re7+ Kf8 48. e6 Re2 49. Rf7+ Ke8 50. Rg7 Rxe6 51. Rxg6 Kf8 52. Rh6 a3 53. Rh8+ Kf7 54. Kf5 Rd6 55. g6# 1-0


[Site "https://www.chess.com"]

[Event "Titled Tuesday Blitz June 20 Late 2023"]
[White "Rostomyan, Mikayel"]
[Black "ArchibaldCerveza29"]
[WhiteFideId "13313754"]
[WhiteElo "2061"]
[BlackElo "2456"]
[Result "1-0"]
[Round "4"]
[TimeControl "180+2"]
[Date "2023.06.20"]
[WhiteClock "0:00:32"]
[BlackClock "0:00:13"]
[Board "97"]

1. d4 d5 2. Nf3 Nf6 3. c4 e6 4. g3 Be7 5. Bg2 O-O 6. O-O dxc4 7. Qc2 b5 8. a4 Bb7 9. axb5 a6 10. Nc3 axb5 11. Rxa8 Bxa8 12. Nxb5 Bd5 13. Nc3 Na6 14. e4 Bb7 15. Qe2 Qa8 16. Ne5 Nb4 17. Nxc4 Rd8 18. Rd1 Na2 19. Nxa2 Qxa2 20. e5 Nd5 21. Ne3 Ba6 22. Qc2 Nxe3 23. Bxe3 Bc4 24. Rc1 Bd5 25. Qxc7 Bxg2 26. Kxg2 Kf8 27. Qb7 h5 28. Rc7 Re8 29. Bg5 Qd5+ 30. Qxd5 exd5 31. Bxe7+ Rxe7 32. Rc8+ Re8 33. Rxe8+ Kxe8 1-0


[Site "https://www.chess.com"]

[Event "Titled Tuesday Blitz June 20 Late 2023"]
[White "Subelj, Jan"]
[Black "Jiang, Andrew"]
[WhiteFideId "14618583"]
[BlackFideId "30953510"]
[WhiteElo "2499"]
[BlackElo "1883"]
[Result "1-0"]
[Round "4"]
[TimeControl "180+2"]
[Date "2023.06.20"]
[WhiteClock "0:01:43"]
[BlackClock "0:01:30"]
[Board "98"]

1. e4 e5 2. Nf3 Nc6 3. d4 exd4 4. Bc4 Nf6 5. O-O Nxe4 6. Re1 d5 7. Bxd5 Qxd5 8. Nc3 Qa5 9. Nxe4 Be6 10. Neg5 O-O-O 11. Nxe6 fxe6 12. Rxe6 Qd5 13. Re1 Bd6 14. Bg5 Rdf8 15. Bh4 g5 16. Bg3 Bxg3 17. hxg3 h5 18. c3 Qf5 19. Qd2 dxc3 20. bxc3 Rhg8 21. Nd4 Nxd4 22. Qxd4 h4 23. Qxa7 h3 24. Qa8+ Kd7 25. Rad1+ Kc6 26. Qa4+ b5 27. Qa6+ Kc5 28. Qa7+ Kc6 29. Re6+ 1-0


[Site "https://www.chess.com"]

[Event "Titled Tuesday Blitz June 20 Late 2023"]
[White "Itkis, Boris"]
[Black "Principe, Gerson"]
[WhiteFideId "1209167"]
[BlackFideId "3804550"]
[WhiteElo "2219"]
[BlackElo "2229"]
[Result "0-1"]
[Round "4"]
[TimeControl "180+2"]
[Date "2023.06.20"]
[WhiteClock "0:00:08"]
[BlackClock "0:00:07"]
[Board "99"]

1. c4 e6 2. Nf3 d5 3. e3 Nf6 4. b3 Be7 5. Bb2 O-O 6. g3 b6 7. Bg2 Bb7 8. O-O dxc4 9. bxc4 c5 10. Qe2 Nc6 11. Ne1 Qd7 12. Nc3 Rfd8 13. d3 Ne5 14. Bxb7 Qxb7 15. f4 Nc6 16. g4 Qd7 17. g5 Ne8 18. Rf3 f5 19. gxf6 Bxf6 20. Ne4 Bxb2 21. Qxb2 Nd6 22. Nxd6 Qxd6 23. Rg3 Rd7 24. Rd1 e5 25. Ng2 Rf8 26. Kh1 Qe6 27. fxe5 Qxe5 28. Qxe5 Nxe5 29. Nf4 Nxc4 30. Rdg1 Nd6 31. Ne6 Rff7 32. e4 Rde7 33. Nd8 Rf2 34. Nc6 Rc7 35. Nd8 Re7 36. Nc6 Ref7 37. Nd8 Rd7 38. Ne6 g6 39. h4 Rf6 40. Ng5 Nf7 41. Nh3 Kf8 42. h5 gxh5 43. Rg8+ Ke7 44. R8g7 Rxd3 45. e5 Rxh3+ 46. Kg2 Rhf3 47. exf6+ Rxf6 48. Re1+ Kd6 49. Rxh7 Ne5 50. Rxa7 Nd3 51. Rd1 c4 52. Ra4 Kc5 53. Ra8 b5 54. Rc8+ Kd4 55. Rd8+ Kc3 56. Rd5 Rf2+ 57. Kg3 Rb2 58. Rxh5 b4 59. Rh4 Rxa2 60. Kf3 Rc2 61. Ke3 b3 62. Rg1 b2 63. Rgg4 Kb3 64. Rg8 b1=Q 65. Rb8+ Nb4 66. Rh3 Qe1+ 67. Kd4+ c3 68. Rh5 Qg1+ 69. Ke5 Re2+ 70. Kd6 Qd4+ 71. Kc7 Qf4+ 72. Kb6 Qxb8+ 73. Ka5 Qa7+ 74. Kb5 Qa6+ 75. Kc5 Qc6+ 76. Kd4 Rd2+ 77. Ke3 Qd6 78. Rh4 Qd3+ 79. Kf4 Rf2+ 80. Kg5 Qg3+ 81. Kh5 Rf5+ 82. Kh6 Qxh4+ 83. Kg7 Qf6+ 84. Kg8 Rg5+ 85. Kh7 Qg7# 0-1


[Site "https://www.chess.com"]